 Dungeon Crawl Stone Soup version 0.29.1-15-g9cfb28693d (webtiles) character file.

Game seed: 16200447378010922015

5326 devnull the Spear-Bearer (level 10, -4/74 HPs)
             Began as a Merfolk Gladiator on Apr 8, 2023.
             Was a High Priest of Zin.
             Slain by a yak (14 damage)
             ... on level 8 of the Dungeon.
             The game lasted 00:22:00 (10387 turns).

devnull the Spear-Bearer (Merfolk Gladiator)       Turns: 10387, Time: 00:22:01

Health: -4/74      AC:  8    Str: 23    XL:     10   Next: 64%
Magic:  17/17      EV: 17    Int: 16    God:    Zin [*****.]
Gold:   453        SH:  0    Dex: 18    Spells: 9/9 levels left

rFire   . . .      SeeInvis .   a - +3 trident
rCold   . . .      Faith    .   (no shield)
rNeg    . . .      Spirit   .   F - +0 steam dragon scales
rPois   ∞          Reflect  .   q - +1 helmet
rElec   .          Harm     .   I - +0 cloak {rCorr}
rCorr   +          Rampage  .   (no gloves)
Will    .....                   (no boots)
Stlth   ++........              (no amulet)
HPRegen 0.22/turn               r - +6 ring of intelligence
MPRegen 0.15/turn               (no ring)

@: vitalised
A: (nimble swimmer 2), mertail
a: Renounce Religion, Recite, Vitalisation, Imprison, Sanctuary, Donate Gold


You were on level 8 of the Dungeon.
You worshipped Zin.
Zin was extremely pleased with you.
You visited 2 branches of the dungeon, and saw 9 of its levels.
You also visited: Ossuary.

You collected 503 gold pieces.
You donated 50 gold pieces to Zin.

Inventory:

Hand Weapons
 a - a +3 trident (weapon)
Missiles
 d - a throwing net {!f}
 e - 6 javelins
 m - 4 curare-tipped darts
 w - 30 poisoned darts (quivered)
 z - 4 atropa-tipped darts
Armour
 q - a +1 helmet (worn)
 F - +0 steam dragon scales (worn)
 I - a +0 cloak of preservation (worn)
Jewellery
 r - a +6 ring of intelligence (left hand)
 J - a ring of resist corrosion
Wands
 c - a wand of flame (25)
 o - a wand of roots (47)
 x - a wand of quicksilver (4)
Scrolls
 b - a scroll of acquirement {unknown}
 g - a scroll of fear
 i - 2 scrolls of enchant weapon
 n - 2 scrolls of teleportation
 s - a scroll of blinking
 u - a scroll of summoning {unknown}
 v - a scroll of brand weapon {unknown}
 y - a scroll of poison {unknown}
 C - a scroll of enchant armour {unknown}
 E - 2 scrolls of amnesia {unknown}
Potions
 f - 2 potions of berserk rage
 h - 4 potions of mutation
 j - a potion of invisibility
 k - 8 potions of curing
 l - a potion of ambrosia {unknown}
 p - 5 potions of resistance
 t - 2 potions of lignification {unknown}
 A - a potion of degeneration {unknown}
 B - 2 potions of flight {unknown}
 D - 2 potions of heal wounds {unknown}
 G - a potion of might {unknown}
 H - a potion of brilliance {unknown}


   Skills:
 - Level 5.0 Fighting
 - Level 14.0 Polearms
 - Level 2.0 Throwing
 + Level 8.3 Dodging
 - Level 10.0 Invocations


You had 9 spell levels left.
You didn't know any spells.
Your spell library contained the following spells:

 Spells                   Type           Power      Damage    Failure   Level
 Magic Dart               Conj           0%         1d3       26%         1
 Slow                     Hex            0%         N/A       26%         1
 Summon Small Mammal      Summ           0%         N/A       26%         1
 Poisonous Vapours        Pois/Air       0%         N/A       36%         2
 Searing Ray              Conj           0%         2d4       36%         2
 Call Canine Familiar     Summ           0%         N/A       58%         3
 Confusing Touch          Hex            0%         N/A       58%         3
 Portal Projectile        Hex/Tloc       0%         N/A       58%         3
 Summon Guardian Golem    Hex/Summ       0%         N/A       58%         3
 Tukima's Dance           Hex            0%         N/A       58%         3
 Vampiric Draining        Necr           0%         2d6       58%         3
 Corpse Rot               Necr/Pois/Air  0%         N/A       94%         4
 Fulminant Prism          Conj/Hex       0%         3d6       94%         4
 Passage of Golubria      Tloc           0%         N/A       94%         4
 Blade Hands              Tmut           0%         N/A       100%        5
 Fireball                 Conj/Fire      0%         3d3       100%        5
 Iskenderun's Battlesphe  Conj           0%         2d6       100%        5
 Yara's Violent Unravell  Hex/Tmut       0%         3d3       100%        5
 Conjure Ball Lightning   Conj/Air       0%         3x3d6     100%        6
 Orb of Destruction       Conj           0%         9d5       100%        7


Dungeon Overview and Level Annotations

Branches:
Dungeon (8/15)             Temple (1/1) D:4         Ossuary (visited)
   Lair: D:8-11

Altars:
Ashenzari
Cheibriados
Dithmenos
Elyvilon
Fedhas
Gozag
Hepliaklqana
Kikubaaqudgha
Makhleb
Nemelex Xobeh
Okawaru
Qazlal
Ru
Sif Muna
Trog
Uskayaw
Vehumet
Wu Jian
Yredelemnul
Zin
The Shining One


Innate Abilities, Weirdness & Mutations

((You are very nimble when in or above water. (Stealth+, EV+, Speed+++)))
Your lower body shifts to a powerful aquatic tail in water.


Message History

The yak is heavily wounded.
You hit the yak.
The yak is severely wounded.
The yak gores you!
You puncture the yak!
The yak is almost dead.
You hit the yak but do no damage.
The yak is almost dead.
The yak gores you but does no damage.
You barely miss the yak.
The yak is almost dead.
The yak closely misses you.
You barely miss the yak.
The yak is almost dead.
You hit the yak.
The yak is almost dead.
The yak barely misses you.
You puncture the yak!
You kill the yak!
The yak gores you.
Things that are here:
a yak corpse; a yak corpse You hit the yak but do no damage.
The yak gores you!
* * * LOW HITPOINT WARNING * * *
You hit the yak but do no damage. The yak completely misses you.
You hit the yak.
The yak is lightly wounded.
You puncture the yak!
The yak is heavily wounded.
The yak gores you but does no damage.
You hit the yak.
The yak is heavily wounded.
You puncture the yak!
The yak is almost dead.
The yak gores you!
* * * LOW HITPOINT WARNING * * *
You hit the yak but do no damage.
The yak is almost dead.
The yak gores you!
You die...

#. ## #.. ..
#.# .# #. #.#
.# #. #.#####.#
# #. #.#..†@Y#
#.##.##.#.#####
#.........#
###.##.####
#..#....#
#.......#
#..####.# #..#
.# #######).# #


You could see a yak.

Vanquished Creatures
  Pikel (D:4)
  Maggie (D:6)
  A hornet (D:7)
  Grinder (D:4)
  5 yaks (D:8)
  A steam dragon (D:7)
  Menkaure (D:6)
  Edmund (D:6)
  2 water moccasins
  2 ice beasts
  2 black bears
  An ogre (D:7)
  3 centaurs
  A lemure (D:4)
  3 kobold brigands
  2 bullfrogs (D:8)
  A necrophage (D:6)
  2 scorpions (D:5)
  14 wights
  2 howler monkeys (D:4)
  A centaur zombie (Ossuary)
  2 jellies
  3 gnoll boudas
  3 hounds
  An orc priest (D:7)
  Crazy Yiuf (D:4)
  3 iguanas
  Jessica (D:2)
  Ijyb (D:5)
  5 orc wizards
  2 mummies (Ossuary)
  8 gnolls
  14 adders
  A white imp (D:5)
  An ufetubus (D:5)
  2 adder zombies (Ossuary)
  3 worms
  9 orcs
  12 endoplasms
  10 hobgoblins
  6 jackals
  21 kobolds
  3 quokkas
  12 ball pythons
  3 bats
  2 frilled lizards
  6 goblins
  A goblin zombie (Ossuary)
  10 hobgoblin zombies (Ossuary)
  2 jackal zombies (Ossuary)
  8 kobold zombies (Ossuary)
  10 orc zombies (Ossuary)
  2 quokka zombies (D:6)
  6 rats
  3 rat zombies (Ossuary)
225 creatures vanquished.

Notes
Turn   | Place    | Note
-------+----------+-------------------------------------------
     0 | D:1      | devnull the Merfolk Gladiator began the quest for the Orb.
     0 | D:1      | Reached XP level 1. HP: 16/16 MP: 1/1
   363 | D:1      | Reached XP level 2. HP: 22/22 MP: 2/2
   637 | D:1      | Reached skill level 5 in Polearms
   979 | D:2      | Found a faded altar of an unknown god.
  1003 | D:2      | Reached XP level 3. HP: 23/27 MP: 3/3
  1219 | D:2      | Noticed Jessica
  1234 | D:2      | Killed Jessica
  1235 | D:2      | Reached skill level 6 in Polearms
  1235 | D:2      | Reached XP level 4. HP: 30/33 MP: 4/4
  1267 | D:2      | Found a white marble altar of Elyvilon.
  2374 | D:3      | Reached skill level 7 in Polearms
  2730 | D:3      | Reached XP level 5. HP: 37/38 MP: 5/5
  3317 | D:4      | Found a runed translucent door.
  3318 | D:4      | Noticed Crazy Yiuf
  3433 | D:4      | Noticed Grinder
  3442 | D:4      | Paralysed by Grinder for 2 turns
  3454 | D:4      | Killed Grinder
  3455 | D:4      | Reached skill level 9 in Polearms
  3455 | D:4      | Reached XP level 6. HP: 23/44 MP: 6/6
  3635 | D:4      | Noticed Pikel
  3668 | D:4      | Killed Pikel
  3669 | D:4      | Reached skill level 10 in Polearms
  3669 | D:4      | Reached XP level 7. HP: 7/50 MP: 7/7
  4046 | D:4      | Reached XP level 8. HP: 58/58 MP: 8/8
  4280 | D:4      | Found a staircase to the Ecumenical Temple.
  4300 | Temple   | Entered the Ecumenical Temple
  4338 | Temple   | Became a worshipper of Zin the Law-Giver
  4338 | Temple   | Reached * piety under Zin
  4671 | D:5      | Entered Level 5 of the Dungeon
  4672 | D:5      | Noticed Ijyb
  4855 | D:5      | Reached skill level 5 in Fighting
  4860 | D:5      | Reached skill level 1 in Invocations
  4977 | D:5      | HP: 2/58 [something/puff of flame (9)]
  5497 | D:5      | Reached ** piety under Zin
  5516 | D:5      | Reached skill level 5 in Invocations
  5735 | D:5      | Reached XP level 9. HP: 68/68 MP: 12/12
  5745 | D:5      | Killed Ijyb
  6101 | D:6      | Reached skill level 11 in Polearms
  6131 | D:6      | Found a sand-covered staircase.
  6146 | Ossuary  | Entered an ossuary
  6276 | Ossuary  | Reached *** piety under Zin
  6639 | D:6      | Noticed Edmund
  6666 | D:6      | Killed Edmund
  6867 | D:6      | Reached **** piety under Zin
  6941 | D:6      | Reached skill level 12 in Polearms
  7029 | D:6      | Found a snail-covered altar of Cheibriados.
  7044 | D:6      | Found a basalt altar of Yredelemnul.
  7097 | D:6      | Noticed Maggie
  7138 | D:6      | Noticed Menkaure
  7153 | D:6      | Killed Maggie
  7154 | D:6      | Reached skill level 13 in Polearms
  7570 | D:6      | Killed Menkaure
  7852 | D:6      | Reached skill level 14 in Polearms
  8133 | D:4      | Killed Crazy Yiuf
  8296 | D:7      | Noticed a hornet
  8307 | D:7      | Killed a hornet
  8568 | D:7      | Reached XP level 10. HP: 45/74 MP: 14/14
  8887 | D:7      | Reached ***** piety under Zin
 10371 | D:8      | Reached skill level 10 in Invocations
 10387 | D:8      | Slain by a yak

Illustrated notes

Levels and vault maps discovered:
D:1:      minmay_arrival_four_houses, layout_basic
D:2:      layout_basic, hellmonk_ecumenical_altar_crossroads, basic_altar,
          uniq_jessica
D:3:      minmay_spotlight, layout_basic, minmay_close_crescents
D:4:      layout_loops_ring, minmay_temple_entry_water_ring, minmay_circle_x,
          uniq_grinder, uniq_pikel, uniq_crazy_yiuf_cottage
D:5:      layout_loops_ring, hangedman_decor_push, uniq_ijyb
D:6:      layout_basic, mainiacjoe_overflow_large_starburst, enter_ossuary_4,
          uniq_edmund, uniq_menkaure, uniq_maggie
D:7:      layout_basic
D:8:      layout_basic, kennysheep_dice
Temple:   hellmonk_temple_of_storms

Skill      XL: |  1  2  3  4  5  6  7  8  9 10 |
---------------+-------------------------------+-----
Polearms       | 5 6 7 9 10 14 | 14.0
Dodging        | 7 8 |  8.3
Fighting       | 3 5 |  5.0
Invocations    | 5 6 10 | 10.0
Throwing       | |  2.0

Action                   |  1- 3 |  4- 6 |  7- 9 | 10-12 || total
-------------------------+-------+-------+-------+-------++-------
Melee: Trident           |    99 |   180 |   456 |   200 ||   935
       Punch             |       |     1 |     9 |       ||    10
Throw: Dart              |       |     4 |    36 |    10 ||    50
       Throwing net      |       |     4 |     3 |       ||     7
       Javelin           |       |       |    14 |       ||    14
Invok: Recite            |       |       |     7 |     2 ||     9
       Vitalisation      |       |       |     2 |     1 ||     3
  Use: Scroll            |       |     5 |     9 |     1 ||    15
       Potion            |       |       |     2 |       ||     2
 Stab: Sleeping          |     1 |     1 |     1 |       ||     3
       Held in net/web   |       |     1 |     5 |       ||     6
       Distracted        |       |       |     1 |       ||     1
       Confused          |       |       |       |     2 ||     2
Armor: Leather armour    |    21 |    42 |    54 |       ||   117
       Steam dragon scal |       |       |       |    14 ||    14
Dodge: Dodged            |    49 |    98 |   237 |    70 ||   454
